 Dungeon Crawl Stone Soup version 0.31-a0-188-g5e087ee2ca (webtiles) character file.

Game seed: 2205716913784848087

777 qw the Skirmisher (level 7, -1/40 HPs)
             Began as a Deep Elf Hunter on June 23, 2023.
             Was an Initiate of Okawaru.
             Engulfed by a steam dragon's steam (4 damage)
             ... on level 5 of the Dungeon.
             The game lasted 00:02:15 (3583 turns).

qw the Skirmisher (Deep Elf Hunter)                 Turns: 3583, Time: 00:02:15

Health: -1/40      AC:  5    Str: 10    XL:     7   Next: 54%
Magic:  9/9        EV: 11    Int: 14    God:    Okawaru [......]
Gold:   227        SH:  0    Dex: 18    Spells: 6/6 levels left

rFire   . . .        Y - +0 shortbow (drain)
rCold   . . .        (shield currently unavailable)
rNeg    + . .        e - +0 ring mail
rPois   .            (no helmet)
rElec   .            (no cloak)
rCorr   .            (no gloves)
SInv    .            (no boots)
Will    .....        (no amulet)
Stlth   +            i - ring of positive energy
HPRegen 0.26/turn    (no ring)
MPRegen 0.11/turn

%: no passive effects
@: no status effects
A: no striking features
a: Renounce Religion


You were on level 5 of the Dungeon.
You worshipped Okawaru.
Okawaru was noncommittal.
You visited 2 branches of the dungeon, and saw 6 of its levels.

You collected 227 gold pieces.


   Skills:
 - Level 2.3 Fighting
 + Level 11.5 Ranged Weapons
 - Level 3.4 Dodging
 - Level 1.2 Stealth


You had 6 spell levels left.
You didn't know any spells.
Your spell library was empty.

Inventory:

Hand Weapons
 Y - a +0 shortbow of draining (weapon)
Armour
 e - a +0 ring mail (worn)
Jewellery
 i - a ring of positive energy (left hand)
Potions
 a - a potion of lignification {unknown}
 c - a potion of degeneration {unknown}
 d - a potion of enlightenment
 h - a potion of mutation {unknown}
 k - 2 potions of brilliance {unknown}

Dungeon Overview and Level Annotations

Branches:
Dungeon (5/15)             Temple (1/1) D:4

Altars:
Ashenzari
Cheibriados
Dithmenos
Elyvilon
Fedhas
Gozag
Hepliaklqana
Kikubaaqudgha
Nemelex Xobeh
Okawaru
Qazlal
Sif Muna
Trog
Uskayaw
Vehumet
Wu Jian
Xom
Yredelemnul
Zin
The Shining One

Shops:
D:4 =

Annotations:
D:3 2 transporters


Message History

Okawaru accepts your kill.
Found an opulent altar of Gozag.
Enter note:
Enter note: You see here a wand of iceblast (7).
An ogre and a steam dragon come into view.
The ogre shouts!
Enter note:
Enter note: You shoot an arrow.
The arrow hits the steam dragon!
You drain the steam dragon.
The steam dragon is moderately wounded.
The steam dragon breathes steam at you. The ball of steam hits you!
3575 ||| Stepping ~*~*~tactically~*~*~ (cloud).
You start resting.
A steam dragon is nearby!
You shoot an arrow.
The arrow barely misses the steam dragon.
You shoot an arrow. The arrow hits the steam dragon.
You drain the steam dragon.
The steam dragon is severely wounded.
The steam dragon breathes steam at you. The ball of steam hits you!
You shoot an arrow.
The arrow closely misses the steam dragon.
The arrow hits the ogre!
You drain the ogre.
The ogre is severely wounded.
You are engulfed in a cloud of scalding steam.
The steam dragon barely misses you. The steam dragon closely misses you.
You shoot an arrow.
The arrow closely misses the steam dragon.
The arrow hits the ogre but does no damage.
You drain the ogre.
The ogre is almost dead.
You are engulfed in a cloud of scalding steam.
The steam dragon breathes steam at you. The ball of steam misses you.
You shoot an arrow. The arrow hits the steam dragon.
You drain the steam dragon.
The steam dragon is almost dead.
You are engulfed in a cloud of scalding steam.
You die...

###.#...# ##.###.#...# #
...........# ..
##.###.##..# O..
#..)....# .D..
#.#)###.########.....
#.#.........#O.¤....#
..#).#.####.#D#
#####.........#@####
#...#.........¤¤...#
#.#.#..~.~~~/~¤¤¤¤.#
#......~...~.~...~....
##......~~~.~.~.~¤~.##.#
..........~.~.~.~...# #
####...._........._.#
####......~.~.~.~...#
........~~~.~.~.~~~.#


You could see a steam dragon (catching breath, very drained) and an ogre (very
drained).

Vanquished Creatures
  Prince Ribbit (D:5)
  A steam dragon (D:4)
  A bullfrog (D:4)
  A scorpion (D:4)
  3 hounds
  A jelly (D:3)
  A sleepcap (D:4)
  4 gnolls (D:5)
  4 adders
  4 worms
  3 dart slugs
  An orc (D:4)
  5 ball pythons
  11 endoplasms
  A giant cockroach (D:2)
  7 hobgoblins
  8 jackals
  6 quokkas
  8 bats
  4 frilled lizards
  6 goblins
  8 kobolds
  5 rats
94 creatures vanquished.

Notes
Turn   | Place    | Note
-------+----------+-------------------------------------------
     0 | D:1      | qw the Deep Elf Hunter began the quest for the Orb.
     0 | D:1      | Reached XP level 1. HP: 12/12 MP: 3/3
     0 | D:1      | 0 ||| qw: Version: 0.3-a-9-g12657ce
     0 | D:1      | 0 ||| qw: Game counter: 3687
     0 | D:1      | 0 ||| qw: Always use a shield: true
     0 | D:1      | 0 ||| qw: God list: Okawaru
     0 | D:1      | 0 ||| qw: Allow faded altars: false
     0 | D:1      | 0 ||| qw: Do Orc after D:15 true
     0 | D:1      | 0 ||| qw: Do second Lair branch before Depths: true
     0 | D:1      | 0 ||| qw: Lair rune preference: random
     0 | D:1      | 0 ||| qw: Plans: Normal
     0 | D:1      | 0 ||| PLANNING D:1-11
   125 | D:1      | Reached XP level 2. HP: 16/16 MP: 4/4
   128 | D:1      | Reached skill level 6 in Ranged Weapons
   545 | D:1      | 545 ||| UPGRADING to +0 ring mail.
   555 | D:1      | 555 ||| DROPPING +0 leather armour.
   556 | D:1      | 556 ||| DROPPING scarf of harm.
   557 | D:1      | 557 ||| UPGRADING to ring of positive energy.
   558 | D:1      | 558 ||| READING scroll labelled GEKHLO KYIV.
   559 | D:1      | 559 ||| READING 2 scrolls labelled YTABOXTIFIN.
   563 | D:1      | 563 ||| READING scroll labelled YFIUPT WUZILO.
   564 | D:1      | 564 ||| READING 2 scrolls labelled GOTAMA KOBALES.
   565 | D:1      | 565 ||| READING scroll labelled YZOUKA PI ELA.
   566 | D:1      | 566 ||| DROPPING scroll of butterflies.
   567 | D:1      | 567 ||| DROPPING scroll of fear.
   652 | D:2      | Reached XP level 3. HP: 20/20 MP: 5/5
   746 | D:2      | Reached skill level 7 in Ranged Weapons
   756 | D:2      | Found a snail-covered altar of Cheibriados.
   997 | D:2      | 997 ||| READING scroll labelled DOCSOENEVO.
   998 | D:2      | 998 ||| READING scroll labelled FOITEO ASOBOM.
   999 | D:2      | 999 ||| READING scroll labelled QITYEN CUQOGH.
  1072 | D:3      | Reached XP level 4. HP: 25/25 MP: 6/6
  1226 | D:3      | Reached skill level 8 in Ranged Weapons
  1468 | D:3      | Found a blossoming altar of Fedhas.
  1468 | D:3      | Found a glowing golden altar of the Shining One.
  1468 | D:3      | Found a broken altar of Ashenzari.
  1473 | D:3      | Found a transporter.
  1473 | D:3      | Noticed a phantom
  1491 | D:3      | Found a transporter.
  1840 | D:3      | Reached XP level 5. HP: 29/29 MP: 7/7
  1903 | D:3      | 1903 ||| READING scroll labelled HIDDUR FUKU.
  2068 | D:4      | Noticed a steam dragon
  2074 | D:4      | Killed a steam dragon
  2075 | D:4      | Reached skill level 9 in Ranged Weapons
  2075 | D:4      | Reached XP level 6. HP: 12/34 MP: 8/8
  2211 | D:4      | Found a shadowy altar of Dithmenos.
  2227 | D:4      | Found a staircase to the Ecumenical Temple.
  2228 | D:4      | 2228 ||| PLANNING TEMPLE
  2238 | Temple   | Entered the Ecumenical Temple
  2238 | Temple   | Found a transporter.
  2238 | Temple   | Found a transporter.
  2240 | Temple   | Found a transporter.
  2240 | Temple   | Found a transporter.
  2250 | Temple   | 2250 ||| PLANNING D:1-11
  2293 | D:4      | 2293 ||| READING scroll of brand weapon.
  2293 | D:4      | 2293 ||| BRANDING +0 shortbow of draining.
  2557 | D:4      | Reached skill level 10 in Ranged Weapons
  2563 | D:4      | Found an ancient bone altar of Kikubaaqudgha.
  2659 | D:4      | Found Bisao's Jewellery Emporium.
  2671 | D:4      | Reached skill level 3 in Dodging
  2682 | D:4      | 2682 ||| READING scroll labelled INEOCI ANWO.
  2691 | D:4      | 2691 ||| SHOPLISTING +4 ring of protection (468 gold, have
                  | 185).
  2691 | D:4      | 2691 ||| SHOPLISTING amulet of regeneration (390 gold, have
                  | 185).
  2691 | D:4      | 2691 ||| SHOPLISTING ring "Daewyide" {rF+ Dex+5} (552 gold,
                  | have 185).
  3025 | D:5      | Entered Level 5 of the Dungeon
  3031 | D:5      | 3031 ||| STAIRDANCE
  3038 | D:4      | HP: 9/36 [worm (1)]
  3039 | D:4      | 3039 ||| READING scroll of teleportation.
  3386 | D:5      | 3386 ||| READING scroll of brand weapon.
  3386 | D:5      | 3386 ||| BRANDING +0 shortbow of flaming.
  3409 | D:5      | Reached XP level 7. HP: 40/40 MP: 9/9
  3409 | D:5      | Noticed Prince Ribbit
  3447 | D:5      | Killed Prince Ribbit
  3448 | D:5      | Reached skill level 11 in Ranged Weapons
  3506 | D:5      | Found an iron altar of Okawaru.
  3507 | D:5      | 3507 ||| PLANNING OKAWARU WORSHIP
  3507 | D:5      | 3507 ||| READING scroll labelled SUNEOGO QAMEI.
  3508 | D:5      | 3508 ||| DRINKING 2 pink potions.
  3516 | D:5      | Became a worshipper of Warmaster Okawaru
  3517 | D:5      | 3517 ||| PLANNING D:1-11
  3567 | D:5      | Found an opulent altar of Gozag.
  3573 | D:5      | Noticed a steam dragon
  3575 | D:5      | 3575 ||| Stepping ~*~*~tactically~*~*~ (cloud).
  3582 | D:5      | HP: 3/40 [steam dragon] (10)]
  3583 | D:5      | Engulfed by a steam dragon's steam

Levels and vault maps discovered:
D:1:      dpeg_arrival_rooms_with_view, layout_basic, minmay_split_cup_large
D:2:      layout_rooms, basic_altar, kennysheep_nub
D:3:      minmay_diamond_boxcup, layout_basic, gammafunk_temple_overflow_arena
D:4:      layout_basic, mainiacjoe_overflow_cross_hatched,
          nicolae_dithmenos_shadow_blocks, minmay_temple_entry_large_hall,
          serial_shops, nicolae_shop_tiny_glass, nicolae_letterblocks
          [nicolae_letter_subblock, nicolae_letter_subblock,
          nicolae_letter_subblock, nicolae_letter_subblock,
          nicolae_letter_subblock, nicolae_letter_subblock,
          nicolae_letter_subblock, nicolae_letter_subblock,
          nicolae_letter_subblock, nicolae_letter_subblock,
          nicolae_letter_subblock, nicolae_letter_subblock,
          nicolae_letter_subblock, nicolae_letter_subblock,
          nicolae_letter_subblock, nicolae_letter_subblock,
          nicolae_letter_subblock, nicolae_letter_subblock,
          nicolae_letter_subblock, nicolae_letter_subblock,
          nicolae_letter_subblock, nicolae_letter_subblock,
          nicolae_letter_subblock, nicolae_letter_subblock,
          nicolae_letter_subblock]
D:5:      layout_basic, mainiacjoe_overflow_large_starburst, uniq_prince_ribbit1
Temple:   hellmonk_temple_divided_pantheon

Skill      XL: |  1  2  3  4  5  6  7 |
---------------+----------------------+-----
Ranged Weapons | 6 7 8 9 10 11 | 11.5
Fighting       | 2 |  2.3
Dodging        | 3 |  3.4
Stealth        | |  1.2

Action                     |  1- 3 |  4- 6 |  7- 9 || total
---------------------------+-------+-------+-------++-------
   Fire: Shortbow          |   119 |   143 |    43 ||   305
    Use: Scroll            |     8 |     5 |     1 ||    14
         Potion            |       |       |     1 ||     1
 Armour: Leather armour    |     7 |       |       ||     7
         Ring mail         |     7 |    25 |     2 ||    34
  Dodge: Dodged            |    22 |    36 |    13 ||    71

Table legend:
 A = Non-vault XP
 B = Vault XP
 C = Vault XP percentage of total XP
 D = Non-vault monster count
 E = Vault monster count
 F = Vault count percentage of total count
                 A         B        C        D         E       F
            +---------+---------+-------+---------+---------+-------
      Total |     808 |     302 |  27.2 |      79 |      15 |  16.0
            +---------+---------+-------+---------+---------+-------
        D:1 |      30 |       8 |  21.1 |      16 |       6 |  27.3
        D:2 |      56 |       0 |   0.0 |      18 |       0 |   0.0
        D:3 |      91 |      11 |  10.8 |      17 |       8 |  32.0
        D:4 |     517 |       0 |   0.0 |      22 |       0 |   0.0
        D:5 |     114 |     283 |  71.3 |       6 |       1 |  14.3
            +---------+---------+-------+---------+---------+-------
